 Dungeon Crawl Stone Soup version 0.25-a0-663-gace7076f2c (webtiles) character file.

Game seed: 7601824349782037260, levelgen mode: deterministic

13 Aggronaut the Sneak (level 2, 0/13 HPs)
             Began as a Spriggan Enchanter on Mar 25, 2020.
             Succumbed to an adder's poison
             ... on level 1 of the Dungeon.
             The game lasted 00:02:16 (1170 turns).

Aggronaut the Sneak (Spriggan Enchanter)            Turns: 1170, Time: 00:02:16

Health: 0/13       AC:  2    Str:  4    XL:     2   Next: 24%
Magic:  1/6        EV: 18    Int: 16    God:
Gold:   26         SH:  0    Dex: 16    Spells: 3/6 levels left

rFire    + . .     SeeInvis +   a - +1 dagger
rCold    + . .     Gourm    .   (shield restricted)
rNeg     . . .     Faith    .   b - +0 robe
rPois    +         Spirit   .   (helmet restricted)
rElec    +         Reflect  .   (no cloak)
rCorr    +         Harm     .   (gloves unavailable)
MR       .....                  (boots unavailable)
Stlth    +++.......             (no amulet)
HPRegen  0.04/turn              (no ring)
MPRegen  0.10/turn              (no ring)

@: lethally poisoned (0 -> -1), resistant, very quick
A: very small, unfitting armour, see invisible, herbivore, speed 3, slow
metabolism 2
a: no special abilities


You were on level 1 of the Dungeon.
You were not hungry.

You visited 1 branch of the dungeon, and saw 2 of its levels.

You collected 26 gold pieces.

Inventory:

Hand Weapons
 a - a +1 dagger (weapon)
Missiles
 g - 28 poisoned darts (quivered)
Armour
 b - a +0 robe (worn)
 l - a +0 buckler
Jewellery
 m - an uncursed ring of positive energy {unknown}
Scrolls
 c - 2 scrolls of enchant weapon {unknown}
 e - a scroll of enchant armour {unknown}
 i - 2 scrolls of amnesia {unknown}
 j - 2 scrolls of identify {unknown}
 k - a scroll of random uselessness {unknown}
Comestibles
 d - 3 rations


   Skills:
 - Level 1.1 Short Blades
 - Level 3.0 Dodging
 + Level 4.8 Stealth
 + Level 0.2 Shields
 - Level 2.6 Spellcasting
 * Level 4.1 Hexes


You had 3 spell levels left.
You knew the following spells:

 Your Spells              Type           Power        Failure   Level  Hunger
a - Corona                Hex            ###....      3%          1    #......
b - Ensorcelled Hibernat  Hex/Ice        #.....       12%         2    ##.....

Your spell library contained the following spells:

 Spells                   Type           Power        Failure   Level  Hunger
 Confusing Touch          Hex            ###.....     11%         3    ###....
 Tukima's Dance           Hex            ###.....     11%         3    ###....
 Dazzling Flash           Conj/Hex       #.....       24%         3    ###....


Dungeon Overview and Level Annotations

Branches:
Dungeon (2/15)

Altars:


Innate Abilities, Weirdness & Mutations

You are very small and have problems with some larger weapons.
You are too small for most types of armour.
You have supernaturally acute eyesight. (SInv)
You are a herbivore.
You cover ground extremely quickly.
You need to consume almost no food.


Message History

Aim: an adder (chance to defeat MR: 49%)
The adder resists with some effort.
The adder bites you.
You are lethally poisoned!
The adder poisons you!
Casting: Ensorcelled Hibernation (safe; 12% risk of failure)
Confirm with . or Enter, or press ? or * to list all spells.
You don't have enough magic to cast that spell.
Unknown command.
* * * LOW HITPOINT WARNING * * *
You feel sick. The adder misses you. x2
You climb upwards.
There is a stone staircase leading down here.
* * * LOW HITPOINT WARNING * * *
You feel sick.
There is an open door here.
It was a potion of resistance.
You feel protected.
* * * LOW HITPOINT WARNING * * *
You feel sick.
You die...

#### #.........# #####. ...#
######.######..# #..... ##.#
#...##.######..####.###. ##.#
####.#........##...##...##. .#.#
#.......................### ...##
#.###..##.###.##...##...# ....#
#.# #..##.# #.##..####### ≈.#.#
#.# #..##.###.##..# # ≈.#.#
#.###.....@.[.....# # ≈.#.#
#..........##.###+## # ..#.#
######........##...## # .##.#
#####.####....[## # .##.#
##.##S###.......## ##
....########...#.##.......>.####.
....^.............'.........+....
.###########...#.##.........####.
## ##.##.###.......## ##


You could see an adder.

Vanquished Creatures
  An adder (D:2)
  3 frilled lizards (D:1)
  3 rats
7 creatures vanquished.

Notes
Turn   | Place    | Note
-------+----------+-------------------------------------------
     0 | D:1      | Aggronaut the Spriggan Enchanter began the quest for the
                  | Orb.
     0 | D:1      | Reached XP level 1. HP: 9/9 MP: 5/5
   874 | D:2      | Reached XP level 2. HP: 13/13 MP: 6/6
   883 | D:1      | Learned a level 2 spell: Ensorcelled Hibernation
  1170 | D:1      | Succumbed to an adder's poison

Levels and vault maps discovered:
D:1:      dpeg_arrival_pits, layout_loops_corners
D:2:      layout_basic, nicolae_qazlal_general_emergency,
          grunt_gozag_breadcrumbs, first_ration

Skill      XL: |  1 |
---------------+----+-----
Hexes          | 4 |  4.1
Short Blades   | |  1.1
Dodging        | |  3.0
Stealth        | |  4.8
Shields        | |  0.2
Spellcasting   | |  2.6

Action                   || total
-------------------------++-------
Melee: Dagger            ||    25
 Cast: Corona            ||     2
       Ensorcelled Hiber ||     5
  Use: Potion            ||     2
 Stab: Sleeping          ||     1
Armor: Robe              ||     4
Dodge: Dodged            ||    23

Table legend:
 A = Non-vault XP
 B = Vault XP
 C = Vault XP percentage of total XP
 D = Non-vault monster count
 E = Vault monster count
 F = Vault count percentage of total count
                 A         B        C        D         E       F
            +---------+---------+-------+---------+---------+-------
      Total |      19 |       0 |   0.0 |       7 |       0 |   0.0
            +---------+---------+-------+---------+---------+-------
        D:1 |       5 |       0 |   0.0 |       5 |       0 |   0.0
        D:2 |      14 |       0 |   0.0 |       2 |       0 |   0.0
            +---------+---------+-------+---------+---------+-------
